 Dungeon Crawl Stone Soup version 0.31-a0-151-ge443d1f16c (webtiles) character file.

Game seed: 15256103968547239323

41 qw the Shooter (level 3, -1/31 HPs)
             Began as a Minotaur Hunter on June 8, 2023.
             Slain by Sigmund
             ... wielding a +0 scythe
              (6 damage)
             ... on level 2 of the Dungeon.
             The game lasted 00:00:29 (1513 turns).

qw the Shooter (Minotaur Hunter)                    Turns: 1513, Time: 00:00:29

Health: -1/31      AC:  3    Str: 15    XL:     3   Next: 32%
Magic:  2/2        EV: 12    Int:  6    God:
Gold:   82         SH:  0    Dex: 15    Spells: 2/2 levels left

rFire   . . .        Y - +0 shortbow (heavy)
rCold   . . .        (shield currently unavailable)
rNeg    . . .        c - +0 leather armour
rPois   .            (helmet restricted)
rElec   .            (no cloak)
rCorr   .            (no gloves)
SInv    .            (no boots)
Will    .....        (no amulet)
Stlth   +            (no ring)
HPRegen 0.25/turn    (no ring)
MPRegen 0.08/turn

%: no passive effects
@: no status effects
A: horns 2, retaliatory headbutt
a: no special abilities


You were on level 2 of the Dungeon.
You visited 1 branch of the dungeon, and saw 2 of its levels.

You collected 82 gold pieces.


Innate Abilities, Weirdness & Mutations

You have a pair of horns on your head.
You reflexively headbutt those who attack you in melee.


   Skills:
 - Level 3.0 Fighting
 + Level 5.4 Ranged Weapons
 - Level 2.1 Dodging
 - Level 0.7 Stealth


You had 2 spell levels left.
You didn't know any spells.
Your spell library was empty.

Inventory:

Hand Weapons
 Y - a +0 heavy shortbow (weapon)
Armour
 c - a +0 leather armour (worn)
Scrolls
 a - 2 scrolls of identify {unknown}
 b - a scroll of torment {unknown}
 h - a scroll of teleportation {unknown}
Potions
 d - a potion of resistance {unknown}
 e - a potion of mutation {unknown}
 f - a potion of heal wounds {unknown}
 g - 2 potions of ambrosia {unknown}

Dungeon Overview and Level Annotations

Branches:
Dungeon (2/15)

Altars:

Annotations:
D:2 Sigmund


Message History

You see here 7 stones.
You see here 7 stones.
Sigmund the Dreaded comes into view.
He is wielding a +0 scythe.
Sigmund shouts!
You hear a shout!
Enter note:
Enter note:
Enter note:
Enter note:
Enter note:
Enter note: You shoot an arrow.
The arrow barely misses Sigmund.
Sigmund mumbles some strange words.
Sigmund flickers and vanishes!
Deactivating autopickup; reactivate with Ctrl-A.
A hobgoblin comes into view.
You shoot an arrow. The arrow barely misses the hobgoblin.
Something tries to affect you, but you resist.
A dart slug comes into view.
You shoot an arrow. The arrow hits the hobgoblin.
You kill the hobgoblin!
The dart slug launches a dart at you. The slug dart hits you.
A magic dart appears from out of thin air!
The magic dart hits you.
1495 ||| FLEEEEING.
1496 ||| FLEEEEING.
A puff of flame appears from out of thin air!
The puff of flame misses you.
1497 ||| FLEEEEING.
A puff of flame appears from out of thin air!
The puff of flame hits you!
You shoot an arrow. You shoot an arrow.
You are confused.
You shoot an arrow. Something hits you! Something hits you.
You feel less confused. Something hits you.
You die...

#........# ##.###.....###
#..>.....# #..# ###.#.###
#........# #.## #......
#........# ##.# ####.##
#......(.# #..# ##.#.
#.#####..# #.## ##.... #.#
##.# ###.# ##....# #.#
#.########...# ##..##.#
#.#
#...w....@..#######..###..
..#
#########.#..##...).....##
.## #..##............## .#
#.#####..........## .#
#######.# #..........## .#
#.......# #...........##
.# ###.#######
#............. .# #...#
#............# .# #.###
#............#


You could see a dart slug.

Vanquished Creatures
  2 ball pythons (D:2)
  4 endoplasms
  A giant cockroach (D:1)
  2 goblins
  2 hobgoblins
  10 jackals (D:1)
  2 quokkas (D:2)
  2 bats
  2 frilled lizards (D:1)
  4 kobolds (D:1)
  5 rats
36 creatures vanquished.

Notes
Turn   | Place    | Note
-------+----------+-------------------------------------------
     0 | D:1      | qw the Minotaur Hunter began the quest for the Orb.
     0 | D:1      | Reached XP level 1. HP: 18/18 MP: 0/0
     0 | D:1      | 0 ||| qw: Version: 0.2-a-120-gdf1a93b
     0 | D:1      | 0 ||| qw: Game counter: 3055
     0 | D:1      | 0 ||| qw: Always use a shield: true
     0 | D:1      | 0 ||| qw: God list: Okawaru
     0 | D:1      | 0 ||| qw: Allow faded altars: false
     0 | D:1      | 0 ||| qw: Do Orc after D:15 true
     0 | D:1      | 0 ||| qw: Do second Lair branch before Depths: true
     0 | D:1      | 0 ||| qw: Lair rune preference: random
     0 | D:1      | 0 ||| qw: Plans: Normal
     0 | D:1      | 0 ||| PLANNING D:1-11
   189 | D:1      | Reached XP level 2. HP: 24/25 MP: 1/1
   205 | D:1      | Reached skill level 5 in Ranged Weapons
   579 | D:1      | Reached skill level 3 in Fighting
   673 | D:1      | Reached XP level 3. HP: 31/31 MP: 2/2
   994 | D:1      | 994 ||| READING scroll labelled VUPLAM OVOKE.
   995 | D:1      | 995 ||| READING scroll labelled DEKKAF LIGI.
   996 | D:1      | 996 ||| READING scroll labelled KUSOAPPISME.
   997 | D:1      | 997 ||| DROPPING scroll of butterflies.
  1338 | D:2      | Found a faded altar of an unknown god.
  1491 | D:2      | Noticed Sigmund
  1495 | D:2      | 1495 ||| FLEEEEING.
  1496 | D:2      | 1496 ||| FLEEEEING.
  1497 | D:2      | 1497 ||| FLEEEEING.
  1512 | D:2      | HP: 5/31 [something (6)]
  1513 | D:2      | Slain by Sigmund

Levels and vault maps discovered:
D:1:      dpeg_arrival_circle_labyrinth_c, layout_basic
D:2:      layout_rooms, dreamdust_ecumenical_altar_grove, uniq_sigmund

Skill      XL: |  1  2 |
---------------+-------+-----
Ranged Weapons | 5 |  5.4
Fighting       | 3 |  3.0
Dodging        | |  2.1
Stealth        | |  0.7

Action                     || total
---------------------------++-------
   Fire: Shortbow          ||    99
    Use: Scroll            ||     3
 Armour: Leather armour    ||    19
  Dodge: Dodged            ||    28

Table legend:
 A = Non-vault XP
 B = Vault XP
 C = Vault XP percentage of total XP
 D = Non-vault monster count
 E = Vault monster count
 F = Vault count percentage of total count
                 A         B        C        D         E       F
            +---------+---------+-------+---------+---------+-------
      Total |      59 |       0 |   0.0 |      36 |       0 |   0.0
            +---------+---------+-------+---------+---------+-------
        D:1 |      44 |       0 |   0.0 |      27 |       0 |   0.0
        D:2 |      15 |       0 |   0.0 |       9 |       0 |   0.0
            +---------+---------+-------+---------+---------+-------
